 Dungeon Crawl Stone Soup version 0.29.1-15-g9cfb28693d (webtiles) character file.

Game seed: 15736405835084121040

780 Calibrex the Trooper (level 7, -5/59 HPs)
             Began as a Demonspawn Monk on Mar 31, 2023.
             Slain by an iguana (15 damage)
             ... on level 5 of the Dungeon.
             The game lasted 00:10:50 (4364 turns).

Calibrex the Trooper (Demonspawn Monk)              Turns: 4364, Time: 00:10:50

Health: -5/59      AC: -1    Str: 13    XL:     7   Next: 55%
Magic:  7/7        EV: 11    Int: 12    God:
Gold:   229        SH:  0    Dex: 15    Spells: 6/6 levels left

rFire   . . .      SeeInvis .   w - +1 dire flail (pain)
rCold   . . .      Faith    .   (shield currently unavailable)
rNeg    . . .      Spirit   .   d - +0 ring mail
rPois   .          Reflect  .   (no helmet)
rElec   .          Harm     .   (no cloak)
rCorr   .          Rampage  .   (no gloves)
Will    .....                   (no boots)
Stlth   +.........              (no amulet)
HPRegen 0.19/turn               (no ring)
MPRegen 0.20/turn               (no ring)

@: corroded
A: magic regeneration, sharp scales 2
a: no special abilities


You were on level 5 of the Dungeon.
You visited 1 branch of the dungeon, and saw 5 of its levels.

You collected 229 gold pieces.

Inventory:

Hand Weapons
 a - a +0 hand axe
 w - a +1 dire flail of pain (weapon)
Missiles
 f - 5 atropa-tipped darts
 j - 7 poisoned darts (quivered)
 o - 8 curare-tipped darts
Armour
 d - a +0 ring mail (worn)
Wands
 l - a wand of flame (21)
Scrolls
 g - a scroll of fear
 p - a scroll of enchant weapon {unknown}
 r - a scroll of identify {unknown}
 s - 4 scrolls of teleportation {unknown}
 u - a scroll of blinking {unknown}
 x - a scroll of silence
 y - a scroll of magic mapping {unknown}
 z - a scroll of brand weapon {unknown}
Potions
 b - 2 potions of brilliance {unknown}
 c - 2 potions of ambrosia
 e - a potion of haste {unknown}
 h - 2 potions of degeneration {unknown}
 i - 7 potions of might {unknown}
 k - 2 potions of curing {unknown}
 m - 3 potions of attraction {unknown}
 n - 2 potions of heal wounds {unknown}
 q - a potion of mutation {unknown}
 t - a potion of cancellation {unknown}
 v - 2 potions of lignification {unknown}


   Skills:
 + Level 6.7 Fighting
 - Level 6.0 Axes
 + Level 0.4(3.7) Maces & Flails
 - Level 2.6 Dodging
 - Level 1.7 Stealth


You had 6 spell levels left.
You didn't know any spells.
Your spell library contained the following spells:

 Spells                   Type           Power      Damage    Failure   Level
 Blink                    Tloc           0%         N/A       73%         2
 Sublimation of Blood     Necr           0%         N/A       73%         2
 Wereblood                Tmut           0%         N/A       73%         2
 Manifold Assault         Tloc           0%         N/A       100%        5
 Storm Form               Tmut/Air       0%         N/A       100%        7
 Summon Hydra             Summ           0%         N/A       100%        7


Dungeon Overview and Level Annotations

Branches:
Dungeon (5/15)             Temple (0/1) D:5

Altars:

Annotations:
D:5 3 runed translucent doors


Innate Abilities, Weirdness & Mutations

You regenerate magic rapidly.
You are mostly covered in razor-sharp scales. (AC +2, Slay +2)


Message History

The necrophage barely misses you.
You barely miss the necrophage.
The necrophage is severely damaged.
The necrophage hits you but does no damage.
You sock the necrophage!
You destroy the necrophage!
Your life force feels restored.
Your Axes skill increases to level 6!
Found a stone staircase leading down.
y - a scroll labelled TALUDAU IHAPP
Found a flail and a spear.
z - a scroll labelled KAHUFOR ABRUP You enter the shallow water.
Moving in this stuff is going to be slow.
Found a staircase to the Ecumenical Temple.
A jelly comes into view.
The jelly quivers.
An iguana comes into view.
The iguana hisses angrily.
The jelly hits you but does no damage.
You puncture the jelly!
Your hands burn!
The jelly is severely wounded.
The jelly barely misses you.
You hit the jelly. The acid corrodes you!
Your hands burn!
The jelly is almost dead.
The jelly hits you. The acid corrodes you!
You are splashed with acid!
You hit the jelly.
You kill the jelly!
The iguana bites you!
You barely miss the iguana. The iguana bites you!
You hit the iguana but do no damage. The iguana barely misses you.
The iguana misses you.
You puncture the iguana!
The iguana is heavily wounded.
The iguana bites you!
* * * LOW HITPOINT WARNING * * *
You hit the iguana.
The iguana is almost dead.
The iguana bites you!
You die...

..#. #.## . ...##...# .###.##.
##.......##.
.........##...#......
.......#............
#......##.>...#...# ..
##.#.##........l#.#....
#..#...........@.>.....
##...............#.#....
................#...#.....
♣.........>................#...#
~P##....##......##..............
P~~.....###...#......#..........
~~~~...####...####).............
~~♣.......#...####.....##......#
P~.............#.##....#.......#


You could see an iguana.

Vanquished Creatures
  Sigmund (D:4)
  Edmund (D:4)
  An ogre (D:5)
  A necrophage (D:5)
  A scorpion (D:5)
  3 hounds (D:5)
  A jelly (D:5)
  An iguana (D:5)
  Ijyb (D:3)
  5 adders
  A worm (D:3)
  2 dart slugs
  8 bats
  8 endoplasms
  6 giant cockroaches
  3 goblins
  7 hobgoblins
  A jackal (D:2)
  5 quokkas
  5 ball pythons
  11 frilled lizards
  7 kobolds
  6 rats
86 creatures vanquished.

Vanquished Creatures (others)
  5 plants
5 creatures vanquished.

Grand Total: 91 creatures vanquished

Notes
Turn   | Place    | Note
-------+----------+-------------------------------------------
     0 | D:1      | Calibrex the Demonspawn Monk began the quest for the Orb.
     0 | D:1      | Reached XP level 1. HP: 18/18 MP: 1/1
   199 | D:1      | Gained mutation: You are partially covered in razor-sharp
                  | scales. (AC +1, Slay +1) [demonic ancestry]
   199 | D:1      | Reached XP level 2. HP: 21/24 MP: 2/2
   600 | D:1      | Found a faded altar of an unknown god.
   600 | D:1      | Noticed a balrug
   868 | D:2      | Gained mutation: You are mostly covered in razor-sharp
                  | scales. (AC +2, Slay +2) [demonic ancestry]
   868 | D:2      | Reached XP level 3. HP: 25/29 MP: 3/3
  1802 | D:3      | Reached XP level 4. HP: 32/37 MP: 4/4
  1923 | D:3      | Noticed Ijyb
  1946 | D:3      | Killed Ijyb
  2837 | D:4      | Noticed Sigmund
  2853 | D:4      | Killed Sigmund
  2854 | D:4      | Reached skill level 5 in Fighting
  2854 | D:4      | Gained mutation: You regenerate magic rapidly. [demonic
                  | ancestry]
  2854 | D:4      | Reached XP level 5. HP: 29/44 MP: 5/5
  2854 | D:4      | Reached XP level 6. HP: 34/51 MP: 6/6
  3208 | D:4      | Noticed Edmund
  3225 | D:4      | Killed Edmund
  3226 | D:4      | Reached skill level 5 in Axes
  3960 | D:5      | Entered Level 5 of the Dungeon
  4024 | D:5      | Reached XP level 7. HP: 47/58 MP: 7/7
  4313 | D:5      | Found a runed translucent gate.
  4313 | D:5      | Found a runed translucent gate.
  4313 | D:5      | Found a runed translucent gate.
  4351 | D:5      | Found a staircase to the Ecumenical Temple.
  4364 | D:5      | Slain by an iguana

Illustrated notes

Levels and vault maps discovered:
D:1:      amcnicky_arrival_choice, layout_basic,
          dreamdust_ecumenical_altar_sealed_demon, minmay_lizard_king
D:2:      minmay_recursive_quarters, layout_basic, kennysheep_generic_room_14
D:3:      layout_loops_ring, grunt_ministairs_9, roderic_roman_lattice,
          solitary_fountain, minmay_cut_off, uniq_ijyb
D:4:      layout_cave_pods, serial_park, serial_park_fountain, serial_park_paths
          [serial_park_minivault_5x5_8], serial_park_tiny_pond, uniq_sigmund,
          uniq_edmund
D:5:      layout_cave_pools, minmay_temple_entry_crystal_x, ebering_ghost_gozag,
          serial_bayou_lagoon_b

Skill      XL: |  1  2  3  4  5  6  7 |
---------------+----------------------+-----
Axes           | 3 4 5 6 |  6.0
Fighting       | 4 5 6 |  6.7
Maces & Flails | |  0.4
Dodging        | |  2.6
Stealth        | |  1.7

Action                   |  1- 3 |  4- 6 |  7- 9 || total
-------------------------+-------+-------+-------++-------
Melee: Hand axe          |   130 |   105 |       ||   235
       Punch             |     2 |       |       ||     2
       Dire flail        |       |    17 |    34 ||    51
Throw: Dart              |       |    13 |     5 ||    18
  Use: Scroll            |     1 |     1 |       ||     2
 Stab: Distracted        |     1 |       |       ||     1
       Sleeping          |     1 |     2 |       ||     3
Armor: Ring mail         |    66 |    43 |    18 ||   127
Dodge: Dodged            |    86 |    61 |    16 ||   163
